 Dungeon Crawl Stone Soup version 0.20.1-1-g8b1a95d (webtiles) character file.

1041 Hasart the Cudgeler (level 8, -8/42 HPs)
             Began as a Vine Stalker Fighter on Sept 24, 2017.
             Was an Initiate of Gozag.
             Mangled by an ogre
             ... wielding a +0 giant spiked club
              (15 damage)
             ... on level 6 of the Dungeon.
             The game lasted 00:09:49 (3196 turns).

Hasart the Cudgeler (Vine Stalker Fighter)          Turns: 3196, Time: 00:09:50

Health: -8/42      AC: 12    Str: 20    XL:     8   Next: 25%
Magic:  0/9        EV:  5    Int:  8    God:    Gozag
Gold:   204        SH: 12    Dex: 15    Spells: 7/7 levels left

rFire    . . .     SeeInvis .   a - +0 flail
rCold    . . .     Gourm    .   d - +2 shield {rN+}
rNeg     + . .     Faith    .   b - +0 plate armour (curse)
rPois    .         Spirit   +   (no helmet)
rElec    .         Reflect  .   (no cloak)
rCorr    .         Harm     .   (no gloves)
MR       ++...                  i - +0 pair of boots
Stlth    ..........             x - amulet of rage
Regen    0.6/turn               c - ring of protection from magic
MPRegen  0.2/turn               (no ring)

@: drained
A: fangs 3, regeneration 1, magic shield, antimagic bite, no potion heal 3, rot
immunity
a: Potion Petition, Call Merchant, Bribe Branch, Renounce Religion, Evoke
Berserk Rage


You were on level 6 of the Dungeon.
You worshipped Gozag.
Gozag was aware of your devotion.
You were not hungry.

You visited 1 branch of the dungeon, and saw 6 of its levels.

You collected 485 gold pieces.
You spent 187 gold pieces at shops.
You paid 94 gold pieces to Gozag.

Inventory:

Hand Weapons
 a - a +0 flail (weapon)
Armour
 b - a cursed +0 plate armour (worn)
 d - a +2 shield of positive energy (worn)
 i - a +0 pair of boots (worn)
Jewellery
 c - a ring of protection from magic (left hand)
 x - an amulet of rage (around neck)
Wands
 m - a wand of random effects (28/48)
Scrolls
 e - 5 scrolls of identify {unknown}
 l - 2 scrolls of teleportation {unknown}
 n - 2 scrolls of magic mapping {unknown}
 o - 2 scrolls of remove curse
 r - a scroll of immolation {unknown}
 s - 3 scrolls of amnesia {unknown}
 t - 2 scrolls of enchant armour {unknown}
 v - a scroll of noise {unknown}
Potions
 h - a potion of heal wounds {unknown}
 j - a potion of curing
 k - a potion of magic
 p - 2 potions of mutation {unknown}
 u - a potion of might
 w - 3 potions of brilliance {unknown}
Comestibles
 f - 3 bread rations
 g - 5 meat rations
 q - 3 royal jellies


   Skills:
 + Level 4.3(4.1) Fighting
 * Level 5.3(5.0) Maces & Flails
 + Level 3.8(3.6) Armour
 + Level 2.9(2.6) Dodging
 + Level 4.3(4.1) Shields


You had 7 spell levels left.
You didn't know any spells.

Dungeon Overview and Level Annotations

Branches:
Dungeon (6/15)             Temple (0/1) D:5

Altars:
Ashenzari
Fedhas
Gozag
Vehumet
Xom
Yredelemnul

Shops:
D:4 *

Annotations:
D:5 Duvessa


Innate Abilities, Weirdness & Mutations

You have razor-sharp teeth.
Your natural rate of healing is unusually fast.
When hurt, damage is shared between your health and your magic reserves.
Your bite disrupts and absorbs the magic of your enemies.
Potions cannot restore your health.
You are immune to rotting.


Message History

There is a stone staircase leading down here.
The ogre hits you with a giant spiked club!!
The sky beast barely misses you.
Duvessa hits you with a rapier of draining.
You partially resist.
You feel drained.
You climb downwards.
There is a stone staircase leading up here.
Unknown command.
You hit the ogre.
The ogre is lightly wounded.
The sky beast hits you but does no damage.
The ogre hits you with a giant spiked club!!
* * * LOW HITPOINT WARNING * * *
You sock the ogre! You bite the ogre. You drain its power.
You feel invigorated.
The ogre is almost dead.
The sky beast hits you but does no damage.
The ogre hits you with a giant spiked club!
You die...
Your body crumbles into a pile of gold.

.............
............
...........#
...........####
...............
............########
............#O.....#
. #.....Y@.....#
....#....#########
..........+
..#.......#
#......... $
##..........
#......._[...
#............
#..[.........


You could see a sky beast and an ogre.

Vanquished Creatures
  Grinder (D:5)
  Eustachio (D:4)
  An ice beast (D:5)
  A sky beast (D:6)
  A centaur (D:5)
  A hound (D:4)
  A bullfrog skeleton (D:5)
  An orc priest (D:5)
  4 orc wizards (D:5)
  A worker ant (D:5)
  Natasha (twice) (D:2)
  A hound zombie (D:5)
  4 adders
  A shadow imp (D:6)
  2 oozes
  3 dart slugs
  5 leopard geckos
  17 orcs
  11 bats
  5 giant cockroaches
  9 goblins
  4 hobgoblins
  2 jackals (D:5)
  3 quokkas
  7 frilled lizards
  4 kobolds
  7 rats
100 creatures vanquished.

Notes
Turn   | Place    | Note
-------+----------+-------------------------------------------
     0 | D:1      | Hasart the Vine Stalker Fighter began the quest for the Orb.
     0 | D:1      | Reached XP level 1. HP: 11/11 MP: 2/2
    81 | D:1      | Reached skill level 2 in Maces & Flails
   121 | D:1      | Reached XP level 2. HP: 15/16 MP: 3/3
   525 | D:1      | Reached XP level 3. HP: 19/19 MP: 4/4
   682 | D:2      | Reached skill level 1 in Dodging
  1201 | D:2      | Noticed Natasha
  1206 | D:2      | Killed Natasha
  1206 | D:2      | Gained mutation: Your natural rate of healing is unusually fast. [Vine Stalker growth]
  1206 | D:2      | Reached XP level 4. HP: 18/24 MP: 3/5
  1304 | D:2      | Noticed Natasha
  1310 | D:2      | Killed Natasha
  1423 | D:2      | Reached skill level 3 in Maces & Flails
  1436 | D:2      | Reached XP level 5. HP: 28/28 MP: 6/6
  1504 | D:3      | Found a basalt altar of Yredelemnul.
  1921 | D:4      | Noticed Eustachio
  1951 | D:4      | Killed Eustachio
  1951 | D:4      | Reached XP level 6. HP: 9/32 MP: 7/7
  2005 | D:4      | Found Raveiz's Assorted Antiques.
  2085 | D:4      | Bought a runed shield for 187 gold pieces
  2132 | D:4      | Found a shimmering altar of Xom.
  2132 | D:4      | Found a blossoming altar of Fedhas.
  2133 | D:4      | Found a shattered altar of Ashenzari.
  2133 | D:4      | Found an opulent altar of Gozag.
  2549 | D:5      | Entered Level 5 of the Dungeon
  2586 | D:5      | Reached skill level 4 in Maces & Flails
  2686 | D:4      | Became a worshipper of Gozag Ym Sagoz the Greedy
  2741 | D:5      | Reached XP level 7. HP: 35/37 MP: 8/8
  2843 | D:5      | Noticed Grinder
  2874 | D:5      | Paralysed by Grinder for 5 turns
  2890 | D:5      | Killed Grinder
  2965 | D:5      | Found a staircase to the Ecumenical Temple.
  2970 | D:5      | Gained mutation: You have razor-sharp teeth. [Vine Stalker growth]
  2970 | D:5      | Reached XP level 8. HP: 42/42 MP: 9/9
  2989 | D:5      | Reached skill level 5 in Maces & Flails
  3118 | D:5      | Noticed Duvessa
  3156 | D:6      | Found a radiant altar of Vehumet.
  3196 | D:6      | Mangled by an ogre

Skill      XL: |  1  2  3  4  5  6  7  8 |
---------------+-------------------------+-----
Maces & Flails | 2 3 4 5 |  5.3
Dodging        | 1 2 |  2.9
Shields        | 3 4 |  4.3
Fighting       | 3 4 |  4.3
Armour         | 3 |  3.8

Action                   |  1- 3 |  4- 6 |  7- 9 || total
-------------------------+-------+-------+-------++-------
Melee: Flail             |   105 |   167 |   108 ||   380
       Bite              |    26 |    34 |    29 ||    89
  Use: Potion            |       |     3 |       ||     3
       Scroll            |       |     1 |       ||     1
 Stab: Distracted        |       |       |     1 ||     1
  Eat: Chunk             |     1 |     5 |       ||     6
       Royal jelly       |       |       |     1 ||     1
Armor: Scale mail        |    48 |    85 |       ||   133
       Plate armour      |       |    17 |    53 ||    70
Dodge: Dodged            |    29 |    62 |    21 ||   112
Block: Shield            |    73 |   133 |    62 ||   268
